 Dungeon Crawl Stone Soup version 0.32-a0-699-g1ee5eff69a (webtiles) character file.

Game seed: 12318585708508574214

958 BeKind the Chiller (level 8, -1/51 HPs)
             Began as an Octopode Ice Elementalist on Mar 13, 2024.
             Was an Initiate of Gozag.
             Slain by an orc
             ... wielding a +0 flail
              (7 damage)
             ... on level 6 of the Dungeon.
             The game lasted 00:10:10 (6422 turns).

BeKind the Chiller (Octopode Ice Elementalist)      Turns: 6422, Time: 00:10:11

Health: -1/51      AC:  1    Str:  7    XL:     8   Next: 14%
Magic:  11/14      EV: 13    Int: 19    God:    Gozag
Gold:   372        SH:  0    Dex: 13    Spells: 6/15 levels left

rFire   + . .        d - +0 short sword
rCold   . . .        (no shield)
rNeg    . . .        (helmet restricted)
rPois   .            (no amulet)
rElec   .            l - +4 ring of slaying
rCorr   +            n - ring of protection from fire
SInv    .            w - ring of resist corrosion
Will    .....        (no ring)
Stlth   +++          (no ring)
HPRegen 0.28/turn    (no ring)
MPRegen 0.14/turn    (no ring)
                     (no ring)

%: no passive effects
@: marked
A: almost no armour, amphibious, 8 rings, camouflage 1, gelatinous body 1,
(nimble swimmer 1), tentacles
a: Renounce Religion, Potion Petition, Call Merchant, Bribe Branch


You were on level 6 of the Dungeon.
You worshipped Gozag.
Gozag was aware of your devotion.
You visited 2 branches of the dungeon, and saw 7 of its levels.
You also visited: Sewer.

You collected 445 gold pieces.
You paid 73 gold pieces to Gozag.

Inventory:

Hand Weapons
 d - a +0 short sword (weapon)
Missiles
 u - a throwing net
Armour
 s - a +0 buckler
Jewellery
 l - a +4 ring of slaying (left tentacle)
 n - a ring of protection from fire (right tentacle)
 w - a ring of resist corrosion (on tentacle)
Wands
 p - a wand of warping (7)
 x - a wand of polymorph (14)
Scrolls
 b - a scroll of noise
 f - a scroll of identify
 h - 2 scrolls of enchant weapon
 j - 4 scrolls of fog
 k - 3 scrolls of teleportation
 m - a scroll of immolation
 r - a scroll of poison
 y - a scroll of enchant armour {unknown}
 z - a scroll of vulnerability {unknown}
Potions
 a - a potion of magic
 c - 2 potions of heal wounds {unknown}
 e - 2 potions of curing
 g - a potion of enlightenment {unknown}
 i - 2 potions of haste {unknown}
 o - 3 potions of might {unknown}
 q - 5 potions of mutation {unknown}
 t - 3 potions of lignification {unknown}
 v - 3 potions of brilliance {unknown}
 A - a potion of cancellation {unknown}


   Skills:
 + Level 2.5 Fighting
 + Level 4.6 Dodging
 - Level 2.8 Stealth
 * Level 0.9 Shields
 + Level 4.0 Spellcasting
 * Level 4.4 Summonings
 + Level 5.6 Ice Magic


You had 6 spell levels left.
You knew the following spells:

 Your Spells              Type           Power      Damage    Failure   Level
a - Freeze                Ice            100%       1d10      1%          1
b - Frozen Ramparts       Ice            50%        1d8       4%          3
c - Summon Ice Beast      Ice/Summ       23%        N/A       4%          3
d - Call Imp              Summ           40%        N/A       3%          2

Your spell library contained the following spells:

 Spells                   Type           Power      Damage    Failure   Level
 Ozocubu's Armour         Ice            25%        N/A       4%          3
 Cigotuvi's Dreadful Rot  Necr/Alch/Air  6%         N/A       21%         2
 Sublimation of Blood     Necr           3%         N/A       21%         2
 Tukima's Dance           Hex            3%         N/A       38%         3
 Martyr's Knell           Necr/Summ      12%        N/A       47%         4
 Dimensional Bullseye     Hex/Tloc       1%         N/A       80%         4
 Dispel Undead            Necr           3%         3d7       80%         4
 Iskenderun's Mystic Bla  Conj/Tloc      3%         2d3       80%         4
 Summon Hydra             Summ           10%        N/A       100%        7


Dungeon Overview and Level Annotations

Branches:
Dungeon (6/15)             Temple (1/1) D:5           Sewer (visited)

Altars:
Ashenzari
Cheibriados
Dithmenos
Elyvilon
Fedhas
Gozag
Makhleb
Nemelex Xobeh
Okawaru
Qazlal
Ru
Sif Muna
Trog
Uskayaw
Vehumet
Xom
Yredelemnul
Zin
The Shining One

Shops:
D:2 (   D:4 ((![


Innate Abilities, Weirdness & Mutations

You cannot wear most types of armour.
You are amphibious.
You can wear up to eight rings at the same time.
Your skin changes colour to match your surroundings (Stealth+).
Your rubbery body absorbs attacks. (AC +1, EV +1)
((You are camouflaged when in or above water. (Stealth+)))
You have tentacles for arms and can constrict up to eight enemies at once.


Message History

Casting: Summon Ice Beast (dangerous; 4% risk of failure)
Confirm with . or Enter, or press ? or * to list all spells.
A tiny devil pulls itself out of the air.
A puff of flame appears from out of thin air!
The puff of flame hits you. You resist.
Your ice beast hits the orc.
Your ice beast freezes the orc!
The orc dies!
Found a fizzy inky potion.
A malevolent force fills the Dungeon...
With a horrendous wail, an alarm goes off!
A sentinel's mark forms upon you.
An orc comes into view.
It is wielding a +0 flail and quivering poisoned darts.
You barely miss something.
You hear some strange, mumbled words.
Something tries to affect you, but you resist.
You hit something. You squeeze something. Something hits you.
An orc comes into view. It is wielding a +0 flail.
You closely miss something.
The orc throws a poisoned dart.
You barely miss something. Something hits you.
You hit something. Something hits you.
You completely miss something. Something hits you.
The orc barely misses you. x2
You hit something but do no damage. Something hits you. The orc misses you.
The orc closely misses you.
You closely miss something. Your squeeze misses something.
The orc barely misses you. The orc completely misses you. Something hits you.
You miss something. Your squeeze misses something.
You hear some strange, mumbled words.
A magic dart appears from out of thin air!
The magic dart hits you! The orc hits you with a +0 flail!
The orc hits you with a +0 flail.
You miss something. The orc closely misses you. The orc completely misses you.
You hear some strange, mumbled words.
A magic dart appears from out of thin air!
The magic dart hits you.
* * * LOW HITPOINT WARNING * * *
You hit something. Something hits you.
* * * LOW HITPOINT WARNING * * *
The orc hits you with a +0 flail!
You die...
Your body crumbles into a pile of gold.

#..........#.#
#..........#.#
###.########.# #.# #.# .
#.# #.# ... #.# #.#
....#########.########.#
......................>#
##.o@Y.###.########.#
#.o{5.# #.# #.# #...#
#...$.# #.# #.# .....
............# #.# ....#
###.......... #.# ....+
#.......... #.# ....#
#.......... #.# #...#
###......!. #.# #(..#
#.#


You could see 2 orcs, a friendly ice beast (summoned) and a friendly cerulean
imp (summoned).

Vanquished Creatures
  2 brain worms (Sewer)
  A gnoll sergeant (D:5)
  An orc priest (D:3)
  3 bombardier beetles
  A sleepcap (D:4)
  An orc wizard (D:5)
  9 adders
  10 gnolls
  2 river rats (Sewer)
  A white imp (D:6)
  2 ribbon worms
  3 dart slugs (D:1)
  14 orcs
  10 ball pythons
  9 endoplasms
  7 giant cockroaches
  4 hobgoblins (D:1)
  A jackal (D:1)
  4 quokkas
  5 bats
  8 frilled lizards
  5 goblins
  10 kobolds
  11 rats
124 creatures vanquished.

Vanquished Creatures (collateral kills)
  A scorpion (D:5)
  A jelly (D:6)
  An iguana (D:6)
  An orc wizard (D:3)
  5 gnolls (D:5)
  3 adders
  A shadow imp (D:6)
  A dart slug (D:5)
  12 orcs
  A goblin (D:3)
  A hobgoblin (D:3)
  2 rats (D:3)
30 creatures vanquished.

Vanquished Creatures (others)
  An ogre (D:3)
1 creature vanquished.

Grand Total: 155 creatures vanquished

Notes
Turn   | Place    | Note
-------+----------+-------------------------------------------
     0 | D:1      | BeKind the Octopode Ice Elementalist began the quest for
                  | the Orb.
     0 | D:1      | Reached XP level 1. HP: 11/11 MP: 3/3
   172 | D:1      | Reached XP level 2. HP: 17/17 MP: 0/5
   537 | D:1      | Reached XP level 3. HP: 7/21 MP: 3/6
   917 | D:1      | Learned a level 3 spell: Frozen Ramparts
  1039 | D:1      | Learned a level 3 spell: Summon Ice Beast
  1145 | D:2      | Found a faded altar of an unknown god.
  1562 | D:2      | Found Weih's Weapon Shoppe.
  1575 | D:2      | Reached XP level 4. HP: 23/27 MP: 8/8
  2072 | D:3      | Reached XP level 5. HP: 27/31 MP: 7/9
  2080 | D:3      | Reached skill level 1 in Summonings
  2225 | D:3      | Found a shimmering altar of Xom.
  2234 | D:3      | Noticed an ogre
  2241 | D:3      | Killed an ogre
  2452 | D:3      | Reached skill level 5 in Ice Magic
  2452 | D:3      | Reached XP level 6. HP: 36/36 MP: 10/10
  2459 | D:3      | Learned a level 2 spell: Call Imp
  2902 | D:4      | Found Mit Jiod's Distillery.
  2906 | D:4      | Found Cahobed's Weapon Boutique.
  2908 | D:4      | Found Coujug's Antique Weapon Boutique.
  2908 | D:4      | Found Lass's Antique Armour Emporium.
  3823 | D:5      | Entered Level 5 of the Dungeon
  3846 | D:5      | Reached skill level 1 in Fighting
  3923 | D:5      | Reached XP level 7. HP: 22/43 MP: 9/12
  4464 | D:5      | Found a glowing golden altar of the Shining One.
  4585 | D:5      | Found an iron altar of Okawaru.
  5008 | D:5      | Found a staircase to the Ecumenical Temple.
  5185 | Temple   | Entered the Ecumenical Temple
  5244 | Temple   | Became a worshipper of Gozag Ym Sagoz the Greedy
  5579 | D:6      | Found a glowing drain.
  5603 | Sewer    | Entered a sewer
  5718 | Sewer    | Reached XP level 8. HP: 50/51 MP: 10/14
  6422 | D:6      | Slain by an orc

Illustrated notes

Levels and vault maps discovered:
D:1:      tarquinn_simple_flora_water_c, layout_basic, minmay_misc_feat_x,
          minmay_liquid_box, minmay_hexomino_f4
D:2:      layout_basic, serial_shops, shop_statue,
          shapermc_ecumenical_altar_pompeii, kennysheep_cross_room
D:3:      layout_basic, xom_confusion_cloud, minmay_misc_feat_rugged,
          st_stairs_10
D:4:      layout_basic, corexii_hall_statues_t, hangedman_decor_peaks_small,
          nicolae_wooded_promenade
D:5:      layout_basic, mainiacjoe_overflow_concentric_impassable,
          overflow_temple_1_default, lemuel_temple_firewalk_b
D:6:      layout_basic, cheibrodos_sewer_entry_bend
Temple:   nicolae_temple_elliptical

Skill      XL: |  1  2  3  4  5  6  7 |
---------------+----------------------+-----
Dodging        | 3 4 |  4.6
Spellcasting   | 3 4 |  4.0
Summonings     | 2 3 4 |  4.4
Ice Magic      | 5 |  5.6
Fighting       | 1 2 |  2.5
Stealth        | |  2.8
Shields        | |  0.9

Action                     |  1- 3 |  4- 6 |  7- 9 || total
---------------------------+-------+-------+-------++-------
  Melee: Unarmed           |     5 |       |       ||     5
         Tentacles         |    11 |    17 |    12 ||    40
         Constrict         |    17 |    23 |    15 ||    55
         Short sword       |    51 |    71 |    61 ||   183
   Cast: Freeze            |    15 |     6 |    10 ||    31
         Summon Ice Beast  |       |     7 |    14 ||    21
         Frozen Ramparts   |       |     3 |     2 ||     5
         Call Imp          |       |       |     2 ||     2
    Use: Scroll            |       |       |     7 ||     7
   Stab: Sleeping          |    12 |     8 |     4 ||    24
         Distracted        |       |       |     1 ||     1
 Armour: Skin              |    17 |    30 |    41 ||    88
  Dodge: Dodged            |    21 |    56 |    45 ||   122

Table legend: (Time is in decaauts)
 A = Elapsed time spent in this place.
 B = Non-inter-level travel time spent in this place.
 C = Inter-level travel time spent in this place.
 D = Time resting spent in this place.
 E = Time spent auto-exploring this place.
 F = Levels seen in this place.
 G = Mean time per level.
                   A        B        C        D        E       F      G
               +--------+--------+--------+--------+--------+-----+--------+
         Total |   6419 |   6094 |    325 |    729 |   4372 |   8 |  802.4 |
       Dungeon |   5861 |   5614 |    247 |    729 |   4059 |   6 |  976.8 |
        Temple |     81 |      3 |     78 |      0 |      0 |   1 |   81.0 |
         Sewer |    476 |    476 |      0 |      0 |    313 |   1 |  476.0 |
               +--------+--------+--------+--------+--------+-----+--------+

Top non-repeatable levels by time:
     D:4: 1455 daAuts
     D:1: 1061 daAuts
     D:5: 989 daAuts
     D:2: 944 daAuts
     D:3: 789 daAuts
     D:6: 620 daAuts
   Sewer: 476 daAuts
  Temple: 81 daAuts
